Map: Dusty Gorge

Players

PureLegacy - Winner!

  • Race: Terran Terran
  • Spawn Location: 11:00

Dawn - Winner!

  • Race: Zerg Zerg
  • Spawn Location: 9:00

Starlight

  • Race: Protoss Protoss
  • Spawn Location: 5:00

CattlBruiser

  • Race: Terran Terran
  • Spawn Location: 3:00

VOD

Have the link to the VOD?

Description

Time

  • Played on: Nov. 23, 2018, 4:49 p.m.
  • Length: 9:02
Show
View Real Time Build Order
Export as new Build Order

PureLegacy Terran - Winner!

Build Orders:  

Get SALT Encoding   

  12  0:05  SCV  
  13  0:17  SCV  
  14  0:22  Supply Depot  
  14  0:29  SCV  
  14  0:32  Refinery  
  15  0:45  SCV  
  16  0:50  Barracks  
  17  0:57  SCV  
  17  1:07  Barracks  
  17  1:25  SCV  
  18  1:26  Barracks  
  18  1:38  Reaper  
  19  1:45  Orbital Command  
  19  1:53  Refinery  
  19  1:56  Reaper  
  20  2:05  Supply Depot  
  20  2:10  Reaper  
  20  2:15  Reaper  
  22  2:24  SCV  
  22  2:28  Reaper  
  24  2:30  Supply Depot  
  24  2:37  SCV  
  25  2:43  Reaper  
  26  2:49  SCV  
  27  2:54  Reaper  
  28  3:01  SCV  
  28  3:04  Reaper  
  30  3:13  SCV  
  30  3:17  Reaper  
  32  3:26  Reaper  
  33  3:33  Command Center  
  33  3:36  SCV  
  33  3:38  Supply Depot, Reaper  
  35  3:51  Reaper  
  35  3:59  Reaper  
  34  4:16  SCV  
  35  4:38  Barracks Reactor x2  
  33  4:40  SCV  
  33  4:43  Barracks  
  33  4:44  Factory  
  33  4:45  Barracks  
  33  4:46  Orbital Command  
  33  4:54  SCV  
  33  4:55  Barracks Tech Lab  
  34  5:06  SCV  
  35  5:14  Marine x4  
  35  5:15  Marine  
  35  5:17  Stimpack, SCV  
  35  5:18  SCV  
  40  5:32  Marine x2  
  40  5:33  Marine x4  
  40  5:35  SCV x2  
  44  5:38  Factory Reactor, Starport  
  44  5:41  Marine  
  45  5:46  Supply Depot  
  45  5:47  SCV x2  
  47  5:52  Engineering Bay  
  47  5:53  Engineering Bay  
  47  5:55  Barracks Reactor x2  
  47  6:02  SCV x2  
  47  6:03  Marine x3  
  47  6:04  Marine x2  
  54  6:13  Supply Depot  
  54  6:14  SCV x2  
  56  6:20  Refinery  
  56  6:21  Refinery  
  56  6:28  Marine x5  
  56  6:29  Medivac  
  56  6:30  Medivac  
  65  6:38  Terran Infantry Armor Level 1, Terran Infantry Weapons Level 1  
  65  6:39  Missile Turret  
  65  6:41  Missile Turret  
  65  6:45  SCV x2  
  67  6:57  SCV x2  
  67  6:58  Armory  
  67  7:00  Supply Depot  
  69  7:03  Medivac x2  
  73  7:09  SCV x2  
  75  7:16  Marine  
  75  7:17  Marine x2  
  75  7:22  Supply Depot, Marine x5  
  83  7:23  Supply Depot  
  83  7:39  Marine x4  
  83  7:40  Marine  
  88  7:45  Medivac x2  
  88  7:46  Marine x4  
  88  7:50  Supply Depot  
  96  8:01  Marine x4  
  96  8:04  Marine  
  100  8:13  Marine x4  
  100  8:15  Medivac x2  
  108  8:20  Marine x2  
  108  8:24  Supply Depot  
  108  8:25  Supply Depot  
  109  8:44  Marine x4  
Show
View Real Time Build Order
Export as new Build Order

Dawn Zerg - Winner!

Build Orders: Pool Only 

Get SALT Encoding   

  12  0:02  Drone  
  13  0:12  Overlord  
  13  0:20  Drone  
  14  0:32  Drone x2  
  16  0:38  Drone  
  16  0:41  Extractor  
  16  0:50  Spawning Pool  
  16  0:52  Drone  
  17  0:57  Drone  
  17  1:12  Overlord  
  17  1:38  Zergling x4  
  19  1:43  Spine Crawler  
  19  1:45  Queen, Zergling x2  
  18  2:14  Zergling x4  
  19  2:25  Spine Crawler  
  19  2:28  Zergling x2  
  19  2:32  Zergling x2  
  19  2:34  Metabolic Boost  
  19  2:52  Zergling x2  
  20  3:01  Zergling x2  
  21  3:06  Zergling x2  
  21  3:09  Zergling x2  
  23  3:18  Zergling x2  
  23  3:28  Zergling x2  
  23  3:34  Queen  
  24  3:47  Zergling x2  
  16  5:58  Drone  
  1  6:31  Drone x3  
  3  6:47  Spore Crawler  
  3  6:49  Drone  
  3  7:42  Drone x2  
  3  7:43  Drone  
Show
View Real Time Build Order
Export as new Build Order

Starlight Protoss 

Build Orders:  

Get SALT Encoding   

  1  0:00  Probe  
  12  0:06  Probe  
  14  0:19  Pylon  
  14  0:23  Probe  
  15  0:37  Probe  
  15  0:41  Gateway  
  16  0:49  Probe  
  17  0:57  Forge  
  17  1:05  Pylon  
  17  1:08  Pylon  
  17  1:13  Probe  
  18  1:25  Probe  
  19  1:31  Photon Cannon  
  19  1:37  Pylon  
  19  1:46  Photon Cannon  
  19  1:52  Assimilator  
  19  2:15  Assimilator  
  17  2:21  Pylon  
  17  2:24  Assimilator  
  17  2:31  Gateway  
  18  2:51  Probe  
  18  2:53  Photon Cannon  
  18  3:00  Probe  
  18  3:03  Assimilator  
  19  3:08  Probe  
  19  3:11  Pylon  
  20  3:13  Assimilator  
  20  3:17  Probe  
  19  3:25  Probe  
  20  3:32  Cybernetics Core  
  20  3:33  Probe  
  22  3:42  Probe  
  23  3:50  Probe  
  24  4:01  Probe  
  25  4:06  Pylon  
  25  4:11  Stargate  
  24  4:20  Stargate  
  22  4:31  Probe  
  23  4:40  Cybernetics Core  
  23  4:42  Photon Cannon  
  23  4:43  Probe  
  23  4:45  Pylon  
  24  4:46  Oracle  
  26  5:04  Oracle  
  29  5:29  Nexus  
  29  5:39  Pylon  
  29  5:52  Probe  
  30  6:04  Probe  
  31  6:05  Photon Cannon  
  31  6:16  Probe  
  31  6:28  Probe  
  31  6:40  Probe  
  32  6:51  Pylon  
  32  6:52  Probe  
  33  7:00  Fleet Beacon  
  33  7:04  Probe x2  
  35  7:12  Probe  
  35  7:16  Probe  
  35  7:17  Assimilator  
  35  7:22  Probe  
  37  7:28  Probe  
  33  7:34  Probe  
  34  7:40  Probe  
  47  7:48  Probe  
  47  7:51  Assimilator  
  48  7:53  Probe  
Show
View Real Time Build Order
Export as new Build Order

CattlBruiser Terran 

Build Orders:  

Get SALT Encoding   

  12  0:01  SCV  
  13  0:13  SCV  
  14  0:19  Supply Depot  
  14  0:25  SCV  
  15  0:30  Refinery  
  15  0:40  SCV  
  16  0:46  Barracks  
  16  0:53  SCV  
  17  1:06  Barracks  
  17  1:07  SCV  
  18  1:19  SCV  
  19  1:31  SCV  
  20  1:34  Barracks Tech Lab  
  20  1:36  Supply Depot  
  20  1:44  Orbital Command  
  20  1:53  Marauder, Concussive Shells  
  22  1:55  Barracks Tech Lab  
  22  2:02  Refinery  
  22  2:08  Supply Depot  
  22  2:23  Marauder  
  22  2:24  Marauder  
  22  2:28  SCV  
  27  2:39  Supply Depot  
  27  2:44  Marauder  
  27  2:49  Marauder  
  27  2:50  SCV  
  32  3:08  Marauder  
  32  3:11  Bunker  
  32  3:12  Marauder  
  30  3:16  SCV  
  31  3:22  Factory  
  31  3:30  Marauder  
  31  3:34  SCV  
  32  3:42  Marauder  
  34  3:51  Marauder  
  33  4:03  Marauder  
  29  4:13  Marauder  
  29  4:24  Marauder  
  29  4:30  Factory  
  29  4:34  Marauder  
  23  4:46  Marauder  
  24  5:07  Marauder  
  26  5:20  Marauder  
  24  5:34  SCV  
  23  5:46  SCV  
  23  5:49  Command Center  
  24  5:55  Siege Tank  
  27  5:58  SCV  
  26  6:10  SCV  
  26  6:22  SCV  
  26  6:23  Widow Mine  
  29  6:33  Widow Mine  
  29  6:34  SCV  
  32  6:47  SCV  
  33  6:53  Barracks Reactor x2  
  35  6:54  Widow Mine  
  35  6:55  Widow Mine  
  35  6:59  Engineering Bay, SCV  
  38  7:11  SCV  
  39  7:23  SCV  
  39  7:27  Orbital Command  
  40  7:35  SCV  
  41  7:39  Bunker  
  41  7:47  SCV, Siege Tank  
  45  7:53  Missile Turret  
  45  8:17  SCV x2  
  47  8:29  SCV, Command Center  
  47  8:30  Marine x4, SCV  
  47  8:45  SCV x2  
Tags
 
Add a new tag
Caveats
  • Supply blocks, unpowered buildings, or Contaminate may cause inaccurate times.
  • Supply counts are checked every 10 seconds.